Map: Séquenceur EC

Players

zidar

  • Race: Zerg Zerg
  • League: Gold
  • Spawn Location: 7:00

Munch - Winner!

  • Race: Zerg Zerg
  • League: Gold
  • Spawn Location: 1:00

VOD

Have the link to the VOD?

Description

Time

  • Played on: July 8, 2017, 3:50 p.m.
  • Length: 12:40
Show
View Real Time Build Order
Export as new Build Order

zidar Zerg 

Build Orders: Pool First 

Get SALT Encoding   

  12  0:01  Drone  
  13  0:12  Overlord  
  13  0:17  Drone  
  14  0:31  Drone x2  
  14  0:34  Drone  
  17  0:48  Spawning Pool  
  16  0:51  Drone  
  17  1:17  Hatchery  
  17  1:18  Drone  
  17  1:22  Extractor  
  16  1:31  Drone  
  17  1:35  Queen  
  19  1:41  Drone  
  19  1:46  Overlord  
  20  2:11  Queen  
  22  2:32  Roach Warren  
  20  2:39  Drone x4  
  24  2:45  Overlord x2  
  24  2:56  Drone x3  
  27  3:15  Drone  
  27  3:16  Drone x3  
  31  3:25  Queen  
  33  3:39  Drone x8  
  41  3:55  Zergling x4  
  43  3:58  Overlord x2  
  43  4:01  Drone  
  44  4:16  Hatchery  
  43  4:36  Lair  
  43  4:40  Extractor  
  41  4:47  Roach x11  
  63  4:59  Spine Crawler  
  62  5:10  Overlord, Roach  
  62  5:11  Overlord x2  
  56  5:33  Roach x7  
  61  5:59  Roach x3  
  67  6:13  Queen, Extractor  
  68  6:25  Hydralisk Den  
  67  6:36  Drone x5  
  67  6:37  Drone x6  
  67  6:38  Drone x2  
  80  6:40  Overlord  
  80  6:41  Overlord  
  80  6:43  Glial Reconstitution  
  80  6:54  Extractor  
  80  6:58  Extractor  
  78  7:20  Hydralisk x7  
  85  7:32  Spore Crawler  
  85  7:33  Spore Crawler x2  
  85  7:34  Spore Crawler  
  81  7:41  Spore Crawler  
  77  7:46  Spore Crawler  
  77  7:47  Spore Crawler  
  63  8:06  Drone x6  
  63  8:07  Drone x5  
  62  8:29  Hydralisk  
  62  8:30  Hydralisk x5  
  66  8:57  Hydralisk  
  66  8:58  Hydralisk  
  70  9:24  Drone x4  
  74  9:36  Overlord  
  74  9:37  Overlord x3  
  74  9:38  Overlord x2  
  74  9:53  Drone x4  
  78  10:03  Hydralisk x7  
  76  10:37  Hydralisk  
  76  10:38  Hydralisk x10  
  84  10:55  Hydralisk x6  
  96  11:13  Hydralisk x6  
  108  11:22  Hydralisk x2  
  108  11:24  Evolution Chamber  
  111  11:43  Overlord x2  
  111  11:44  Overlord x3  
  106  11:52  Hatchery  
  99  12:17  Roach x9  
  99  12:18  Roach  
Show
View Real Time Build Order
Export as new Build Order

Munch Zerg - Winner!

Build Orders: Pool First 

Get SALT Encoding   

  12  0:01  Drone  
  13  0:10  Drone  
  14  0:17  Overlord  
  14  0:36  Drone x3  
  17  0:47  Spawning Pool  
  17  0:49  Drone  
  17  0:57  Extractor  
  17  0:58  Drone  
  17  1:27  Overlord  
  17  1:30  Drone x2  
  19  1:43  Roach Warren  
  19  1:44  Queen, Drone  
  21  1:57  Drone  
  22  2:07  Spine Crawler  
  21  2:10  Drone  
  21  2:15  Drone  
  23  2:36  Extractor  
  22  2:37  Roach  
  22  2:38  Roach  
  22  2:43  Lair  
  26  2:54  Roach x2  
  26  2:57  Overlord  
  30  2:58  Hatchery  
  29  3:17  Drone x3  
  32  3:27  Roach x3  
  38  3:49  Overlord x2  
  38  4:10  Roach x4  
  46  4:19  Spire  
  46  4:20  Drone  
  46  4:21  Queen  
  48  4:38  Roach x2  
  52  4:43  Drone x3  
  55  4:49  Roach  
  55  4:52  Roach  
  55  5:43  Drone x3  
  55  5:44  Drone x2  
  55  5:47  Extractor  
  55  5:48  Overlord  
  55  5:49  Extractor  
  58  5:53  Mutalisk  
  60  6:02  Overlord x2  
  60  6:07  Mutalisk x3  
  60  6:11  Zerg Flyer Weapons Level 1  
  66  6:23  Drone x5  
  71  6:25  Overlord  
  71  6:26  Overlord  
  71  6:30  Mutalisk  
  73  6:53  Mutalisk  
  73  6:54  Mutalisk x2  
  79  7:33  Mutalisk x3  
  79  7:34  Mutalisk  
  69  8:17  Roach x5  
  69  8:18  Roach  
  79  8:57  Drone x3  
  79  8:59  Drone x2  
  79  9:00  Drone x3  
  87  9:04  Hatchery  
  87  9:07  Zerg Flyer Weapons Level 2  
  86  9:11  Roach x2  
  90  9:19  Roach x4  
  100  9:24  Roach  
  100  9:27  Overlord x2  
  100  9:46  Roach x3  
  100  9:49  Mutalisk  
  108  9:55  Hatchery  
  107  10:03  Overlord x3  
  107  10:05  Roach  
  107  10:06  Roach x3  
  115  10:19  Evolution Chamber  
  114  10:21  Evolution Chamber, Glial Reconstitution  
  114  10:23  Infestation Pit  
  100  10:47  Mutalisk x7  
  100  10:48  Mutalisk x4  
  122  11:12  Drone x4  
  122  11:13  Drone x2  
  122  11:15  Queen  
  134  11:32  Roach x2  
  134  11:33  Roach x3  
Tags
 
Add a new tag
Caveats
  • Supply blocks, unpowered buildings, or Contaminate may cause inaccurate times.
  • Supply counts are checked every 10 seconds.